 Dungeon Crawl Stone Soup version 0.29-a0-8-g0446c0dae4 (webtiles) character file.

Game seed: 550250003227269494

1 lonewolfV2 the Shield-Bearer (level 1, 0/22 HPs)
             Began as a Troll Fighter on Jan 27, 2022.
             Slain by a jackal (2 damage)
             ... on level 1 of the Dungeon.
             The game lasted 00:00:19 (29 turns).

lonewolfV2 the Shield-Bearer (Troll Fighter)          Turns: 29, Time: 00:00:19

Health: 0/22       AC:  4    Str: 23    XL:     1   Next: 16%
Magic:  0/0        EV:  8    Int:  4    God:
Gold:   0          SH:  7    Dex:  9    Spells: 0/0 levels left

rFire   . . .      SeeInvis .     - Unarmed
rCold   . . .      Faith    .   b - +0 kite shield
rNeg    . . .      Spirit   .   a - +0 robe
rPois   .          Reflect  .   (helmet restricted)
rElec   .          Harm     .   (no cloak)
rCorr   .          Rampage  .   (gloves unavailable)
Will    .....                   (boots unavailable)
Stlth   +.........              (no amulet)
HPRegen 0.87/turn               (no ring)
MPRegen 0.07/turn               (no ring)

@: no status effects
A: large, unfitting armour, claws 3, regeneration 1, shaggy fur 1, tough skin 1
a: no special abilities


You were on level 1 of the Dungeon.
You visited 1 branch of the dungeon, and saw 1 of its levels.

Inventory:

Armour
 a - a +0 robe (worn)
 b - a +0 kite shield (worn)
Potions
 c - a potion of might


   Skills:
 + Level 2.4 Fighting
 + Level 2.4 Dodging
 + Level 2.4 Shields
 + Level 2.0 Unarmed Combat


You couldn't memorise any spells.
You didn't know any spells.
Your spell library was empty.

Dungeon Overview and Level Annotations

Branches:
Dungeon (1/15)

Altars:


Innate Abilities, Weirdness & Mutations

You are too large for most types of armour.
You have claws for hands.
Your natural rate of healing is unusually fast.
You are covered in fur. (AC +1)
You have tough skin. (AC +1)


Message History

You closely miss the jackal.
The jackal is heavily wounded.
The jackal bites you.
The jackal bites you but does no damage. x2
The jackal closely misses you.
You scratch the jackal.
You kill the jackal!
The jackal barely misses you. You block the jackal's attack. x2
The jackal barely misses you.
You completely miss the jackal. The jackal barely misses you.
The jackal bites you. x3
* * * LOW HITPOINT WARNING * * *
You barely miss the jackal. You block the jackal's attack. x2
The jackal bites you but does no damage. x3
You barely miss the jackal. The jackal completely misses you.
The jackal bites you but does no damage. x2
The jackal bites you.
* * * LOW HITPOINT WARNING * * *
Welcome back, lonewolfV2 the Troll Fighter.
Press ? for a list of commands and other information.
You closely miss the jackal. The jackal completely misses you.
The jackal bites you but does no damage.
The jackal bites you.
* * * LOW HITPOINT WARNING * * *
The jackal bites you but does no damage.
You block the jackal's attack.
You closely miss the jackal. The jackal bites you.
* * * LOW HITPOINT WARNING * * *
The jackal bites you.
* * * LOW HITPOINT WARNING * * *
The jackal barely misses you. You block the jackal's attack.
You miss the jackal. You block the jackal's attack.
The jackal bites you but does no damage.
The jackal bites you.
* * * LOW HITPOINT WARNING * * *
The jackal bites you.
* * * LOW HITPOINT WARNING * * *
You block the jackal's attack.
You barely miss the jackal. The jackal bites you.
You die...

####. #....
#.... #....
#.... ######
#....## #.§..#
#...hh###.≈≈.###
#..Sh@'.'.≈≈.'<#
#####.'.'.≈≈.'.#
#####.≈≈.###
#....# ######


You could see 3 jackals and a ball python.

Vanquished Creatures
  A jackal (D:1)
1 creature vanquished.

Notes
Turn   | Place    | Note
-------+----------+-------------------------------------------
     0 | D:1      | lonewolfV2 the Troll Fighter began the quest for the Orb.
     0 | D:1      | Reached XP level 1. HP: 22/22 MP: 0/0
    28 | D:1      | HP: 1/22 [jackal (1)]
    29 | D:1      | Slain by a jackal

Illustrated notes

Levels and vault maps discovered:
D:1:      lightli_arrival_lavapool, layout_basic,
          dreamdust_ecumenical_altar_grove

Action                   || total
-------------------------++-------
Melee: Unarmed           ||    16
Armor: Robe              ||    15
Dodge: Dodged            ||    17
Block: Kite shield       ||    14

Table legend: (Time is in decaauts)
 A = Elapsed time spent in this place.
 B = Non-inter-level travel time spent in this place.
 C = Inter-level travel time spent in this place.
 D = Time resting spent in this place.
 E = Time spent auto-exploring this place.
 F = Levels seen in this place.
 G = Mean time per level.
                   A        B        C        D        E       F      G
               +--------+--------+--------+--------+--------+-----+--------+
         Total |     30 |     30 |      0 |      0 |     11 |   1 |   30.0 |
       Dungeon |     30 |     30 |      0 |      0 |     11 |   1 |   30.0 |
               +--------+--------+--------+--------+--------+-----+--------+

Top non-repeatable levels by time:
     D:1: 30 daAuts
